AoeStats
← Darkbang33

Arabia

504925517Analyzed
4v4 RM · 24d ago on Sep 7, 2026· 56m 45s· 8 players
Game mode
Random Map
Map size
Large (8 player)
Population
200
Speed
Normal
Resources
Standard
Victory
Conquest
Starting age
Dark Age
Ending age
Imperial Age
RankedLock teamsTeams togetherTeam positionsShared explorationLock speedFull tech treeHidden civsTurbo modeCheats
Victory
Defeat
🇦🇷 Ethiopians · Argentina
1443
+14
🇦🇷 Slavs · Argentina
1350
+18
🇦🇷 Persians · Argentina
1334
+18
🇦🇷 Saracens · Argentina
1283
+20
🇲🇽 Mongols · Mexico
1468
-20
🇲🇽 Ethiopians · Mexico
1444
-20
🇲🇽 Persians · Mexico
1433
-19
🇲🇽 Bohemians · Mexico
1216
-11
Darkbang33
5:52 Loom
9:01 Feudal Age
9:32 Double-Bit Axe
20:16 Forging
26:14 Castle Age
24:28 Horse Collar
25:23 Bloodlines
25:37 Scale Barding Armor
27:19 Iron Casting
28:24 Husbandry
29:26 Chain Barding Armor
30:53 Town Watch
35:54 Bow Saw
36:12 Pikeman
42:08 Wheelbarrow
42:40 Gold Mining
44:22 Squires
44:08 Gambesons
44:24 Scale Mail Armor
48:14 Heavy Plow
51:56 Gold Shaft Mining
51:11 Stone Mining
52:10 Hand Cart
51:56 Town Patrol
52:34 Stone Shaft Mining
55:07 Imperial Age
52:01 Light Cavalry
56:41 Plate Barding Armor
57:07 Blast Furnace
PeRe$ | Guilled
6:18 Loom
9:12 Feudal Age
13:05 Fletching
22:49 Double-Bit Axe
27:39 Wheelbarrow
31:54 Castle Age
30:43 Gold Mining
30:57 Padded Archer Armor
31:56 Crossbowman
32:34 Bodkin Arrow
34:48 Ballistics
35:17 Leather Archer Armor
38:41 Bow Saw
41:46 Elite Skirmisher
42:59 Horse Collar
49:12 Imperial Age
47:48 Thumb Ring
49:35 Gold Shaft Mining
48:52 Stone Mining
50:34 Arbalester
51:15 Bracer
52:17 Chemistry
52:42 Ring Archer Armor
Pepe "Ratatata" Cuenca
6:56 Loom
9:54 Feudal Age
10:27 Double-Bit Axe
11:32 Horse Collar
15:02 Town Watch
20:44 Castle Age
19:06 Scale Barding Armor
19:57 Bloodlines
20:22 Forging
21:06 Gold Mining
21:51 Chain Barding Armor
22:42 Iron Casting
22:30 Bow Saw
23:15 Husbandry
28:54 Stone Mining
32:07 Wheelbarrow
33:37 Gold Shaft Mining
36:42 Fletching
37:03 Detinets
37:56 Bodkin Arrow
38:23 Ballistics
41:39 Imperial Age
40:35 Heavy Plow
41:55 Cavalier
43:11 Plate Barding Armor
43:37 Blast Furnace
43:56 Hand Cart
45:26 Conscription
44:27 Light Cavalry
46:30 Hussar
49:53 Chemistry
51:25 Coinage
52:55 Caravan
53:26 Banking
54:30 Druzhina
56:01 Masonry
56:50 Gold Shaft Mining
ElEmaRnR
6:39 Loom
11:24 Feudal Age
13:21 Town Watch
14:54 Town Watch
16:19 Wheelbarrow
20:06 Castle Age
24:22 Double-Bit Axe
31:30 Bow Saw
31:02 Horse Collar
32:19 Fletching
34:22 Heavy Plow
36:15 Hand Cart
37:41 Bodkin Arrow
37:47 Padded Archer Armor
38:16 Crossbowman
39:02 Thumb Ring
39:47 Ballistics
39:44 Leather Archer Armor
41:14 Stone Mining
41:15 Gold Mining
44:01 Imperial Age
44:13 Arbalester
45:57 Chemistry
44:42 Arrowslits
45:02 Bracer
47:33 Conscription
49:52 Scale Barding Armor
52:53 Scale Mail Armor
53:04 Forging
53:25 Ring Archer Armor
53:01 Pikeman
53:42 Squires
53:28 Arson
53:29 Gambesons
54:00 Chain Mail Armor
55:19 Iron Casting
56:17 Two-Man Saw
Juan Nieves
6:48 Loom
9:33 Feudal Age
16:41 Fletching
17:59 Padded Archer Armor
33:18 Castle Age
31:52 Gold Mining
33:56 Bodkin Arrow
33:22 Crossbowman
35:44 Ballistics
42:49 Wheelbarrow
49:01 Imperial Age
46:48 Hand Cart
46:42 Double-Bit Axe
46:39 Horse Collar
49:11 Thumb Ring
49:44 Bracer
49:05 Arbalester
50:47 Chemistry
55:31 Leather Archer Armor
JL8470
5:31 Loom
7:53 Feudal Age
8:21 Loom
9:17 Double-Bit Axe
18:36 Wheelbarrow
18:13 Forging
22:22 Castle Age
21:04 Scale Barding Armor
21:44 Bloodlines
23:14 Husbandry
23:35 Chain Barding Armor
30:59 Iron Casting
36:27 Gold Mining
38:09 Bow Saw
39:11 Horse Collar
42:32 Gold Shaft Mining
43:16 Hand Cart
47:03 Imperial Age
48:51 Blast Furnace
47:13 Heavy Camel Rider
48:25 Light Cavalry
49:42 Capped Ram
50:55 Siege Ram
51:19 Hussar
Jhon Helldiver
5:37 Loom
9:57 Feudal Age
11:20 Wheelbarrow
18:17 Castle Age
16:32 Horse Collar
16:59 Double-Bit Axe
19:25 Bow Saw
21:10 Bow Saw
21:22 Town Watch
23:26 Scale Barding Armor
24:09 Forging
26:06 Iron Casting
27:02 Heavy Plow
29:45 Chain Barding Armor
30:47 Husbandry
31:15 Hand Cart
33:57 Wagenburg Tactics
33:55 Murder Holes
34:21 Ballistics
35:02 Chemistry
34:21 Fletching
34:44 Padded Archer Armor
35:59 Bodkin Arrow
35:28 Pikeman
36:49 Scale Mail Armor
36:50 Squires
36:37 Arson
37:58 Chain Mail Armor
37:05 Man-at-Arms
38:37 Long Swordsman
42:20 Imperial Age
40:40 Leather Archer Armor
42:23 Two-Handed Swordsman
42:28 Halberdier
44:10 Blast Furnace
44:11 Plate Mail Armor
44:11 Champion
48:06 Two-Man Saw
47:21 Masonry
48:40 Bracer
48:16 Elite Hussite Wagon
50:14 Conscription
50:35 Bombard Tower
Quique 13
7:56 Loom
23:08 Feudal Age
26:48 Town Watch
33:22 Horse Collar
41:00 Double-Bit Axe
49:02 Castle Age
47:08 Stone Mining
47:10 Gold Mining
54:10 Husbandry
54:21 Bloodlines
55:46 Gold Shaft Mining
56:58 Bow Saw
Connection lost

Rejoining the realm…

Still unreachable

The connection could not be restored.

Session expired

The server has moved on; the page needs a fresh start.